 Dungeon Crawl Stone Soup version 0.31.0-32-g396128a36d (webtiles) character file.

Game seed: 14824457326396821104

116 Eitelfritz the Slasher (level 4, 0/38 HPs)
             Began as a Minotaur Gladiator on Mar 22, 2024.
             Was a Believer of Makhleb.
             Slain by an adder (4 damage)
             ... on level 3 of the Dungeon.
             The game lasted 00:03:24 (1682 turns).

Eitelfritz the Slasher (Minotaur Gladiator)         Turns: 1682, Time: 00:03:25

Health: 0/38       AC:  5    Str: 19    XL:     4   Next: 70%
Magic:  3/3        EV: 12    Int:  7    God:    Makhleb [**....]
Gold:   113        SH:  5    Dex: 11    Spells: 3/3 levels left

rFire   . . .        a - +0 long sword
rCold   . . .        (no shield)
rNeg    . . .        l - +0 ring mail
rPois   .            c - +0 hat
rElec   .            (no cloak)
rCorr   .            (no gloves)
SInv    .            (no boots)
Will    .....        m - amulet of reflection
Stlth   +            (no ring)
HPRegen 0.26/turn    (no ring)
MPRegen 0.08/turn

%: reflection
@: lethally poisoned (0 -> -6)
A: horns 2, retaliatory headbutt
a: Renounce Religion, Minor Destruction


You were on level 3 of the Dungeon.
You worshipped Makhleb.
Makhleb was pleased with you.
You visited 1 branch of the dungeon, and saw 3 of its levels.

You collected 113 gold pieces.

Inventory:

Hand Weapons
 a - a +0 long sword (weapon)
Missiles
 d - 3 throwing nets (quivered)
 e - a javelin
Armour
 c - a +0 hat (worn)
 l - a +0 ring mail (worn)
 p - an orb of light
Jewellery
 m - an amulet of reflection (around neck)
Scrolls
 f - 3 scrolls of noise {unknown}
 g - 2 scrolls of enchant armour {unknown}
 j - 3 scrolls of identify {unknown}
 k - 2 scrolls of teleportation {unknown}
 n - a scroll of enchant weapon {unknown}
 o - a scroll of amnesia {unknown}
 q - a scroll of fog {unknown}
Potions
 b - a potion of heal wounds {unknown}
 h - 3 potions of might {unknown}
 i - a potion of brilliance {unknown}


   Skills:
 + Level 3.1 Fighting
 + Level 4.7 Long Blades
 + Level 2.3 Throwing
 + Level 1.7 Armour
 + Level 4.1 Dodging
 + Level 0.1 Stealth
 + Level 0.1 Shields
 * Level 0.8 Invocations


You had 3 spell levels left.
You didn't know any spells.
Your spell library contained the following spells:

 Spells                   Type           Power      Damage    Failure   Level
 Slow                     Hex            0%         N/A       63%         1
 Confusing Touch          Hex            0%         N/A       94%         3
 Sigil of Binding         Hex            0%         N/A       94%         3
 Vampiric Draining        Necr           0%         2d6       94%         3


Dungeon Overview and Level Annotations

Branches:
Dungeon (3/15)

Altars:
Cheibriados
Makhleb

Shops:
D:3 *


Innate Abilities, Weirdness & Mutations

You have a pair of horns on your head.
You reflexively headbutt those who attack you in melee.


Message History

The adder poisons you!
You hit the adder. Your headbutt misses the adder.
The adder is almost dead.
You feel sick. The adder bites you but does no damage. The adder bites you.
You are more poisoned.
The adder poisons you!
You hit the adder.
You kill the adder!
Makhleb accepts your kill.
You feel very sick. You block the adder's attack. The adder misses you.
The dart slug launches a dart at you. The slug dart hits you.
You barely miss the adder. Your headbutt misses the adder.
You feel very sick. The adder bites you but does no damage.
The dart slug launches a dart at you. The slug dart misses you.
The adder bites you.
You are more poisoned.
The adder poisons you!
You closely miss the adder. Your headbutt misses the adder.
You feel very sick. The adder misses you.
You barely miss the adder.
You feel very sick. The adder bites you but does no damage.
The adder bites you.
* * * LOW HITPOINT WARNING * * *
You are lethally poisoned!
The adder poisons you!
Unknown command.
You closely miss the adder.
* * * LOW HITPOINT WARNING * * *
You feel very sick. The dart slug launches a dart at you.
The slug dart misses you. The adder closely misses you.
You closely miss the adder.
You headbutt the adder, but do no damage.
* * * LOW HITPOINT WARNING * * *
You feel sick. The adder bites you.
You die...

.....#
........##.#
.#####
........##.# ..
........##.# ..
........##.##.#
........##....#
........#.w.###
...........##
......†).#.###
......S@.....#
#.###.####.#..#
.∩. #$#....
.... ... ..#
#.#.. >###.. .
.. ...


You could see an adder and a dart slug.

Vanquished Creatures
  A bombardier beetle (D:3)
  An adder (D:3)
  A gnoll (D:1)
  2 dart slugs (D:3)
  A ribbon worm (D:2)
  An orc (D:3)
  5 endoplasms
  2 giant cockroaches (D:1)
  5 goblins (D:1)
  4 hobgoblins
  8 jackals
  4 kobolds
  3 quokkas
  4 ball pythons
  4 bats
  3 frilled lizards (D:2)
  4 rats (D:1)
53 creatures vanquished.

Notes
Turn   | Place    | Note
-------+----------+-------------------------------------------
     0 | D:1      | Eitelfritz the Minotaur Gladiator began the quest for the
                  | Orb.
     0 | D:1      | Reached XP level 1. HP: 18/18 MP: 0/0
    70 | D:1      | Reached XP level 2. HP: 21/25 MP: 1/1
   142 | D:1      | Found a faded altar of an unknown god.
   187 | D:1      | Prayed at the altar of an unknown god.
   187 | D:1      | Became a worshipper of Makhleb the Destroyer
   187 | D:1      | Reached * piety under Makhleb
   350 | D:1      | Reached XP level 3. HP: 18/30 MP: 2/2
  1188 | D:2      | Reached ** piety under Makhleb
  1413 | D:2      | Reached skill level 1 in Armour
  1530 | D:3      | Reached XP level 4. HP: 38/38 MP: 3/3
  1598 | D:3      | Found a snail-covered altar of Cheibriados.
  1665 | D:3      | Found Mazxir's Assorted Antiques.
  1682 | D:3      | Slain by an adder

Illustrated notes

Levels and vault maps discovered:
D:1:      orjb1_lava_funnel, layout_basic,
          hellmonk_ecumenical_altar_leap_of_faith
D:2:      layout_basic
D:3:      layout_rooms, grunt_temple_overflow_lords_of_destruction,
          kennysheep_slug_shrine, gammafunk_ghost_abyssal_escape, serial_shops,
          shop

Skill      XL: |  1  2  3 |
---------------+----------+-----
Long Blades    | 4 |  4.7
Dodging        | 4 |  4.1
Fighting       | 3 |  3.1
Armour         | 1 |  1.7
Throwing       | |  2.3
Stealth        | |  0.1
Shields        | |  0.1
Invocations    | |  0.8

Action                     |  1- 3 |  4- 6 || total
---------------------------+-------+-------++-------
  Melee: Long sword        |    84 |    22 ||   106
         Headbutt          |    11 |     6 ||    17
 Armour: Leather armour    |    16 |       ||    16
         Ring mail         |    36 |    18 ||    54
  Dodge: Dodged            |    59 |    13 ||    72
  Block: Other             |     6 |     5 ||    11
         Reflection        |       |     1 ||     1
